 Dungeon Crawl Stone Soup version 0.17.0-1-g61d176b (webtiles) character file.

58 inmateoo the Twirler (level 4, 0/34 HPs)
             Began as a Formicid Gladiator on Nov 7, 2015.
             Succumbed to an adder's poison
             ... on level 3 of the Dungeon.
             The game lasted 00:02:26 (1528 turns).

inmateoo the Twirler (Formicid Gladiator)           Turns: 1528, Time: 00:02:26

Health: 0/34       AC:  4    Str: 25    XL:     4   Next: 20%
Magic:  0/4        EV: 12    Int:  7    God:
Gold:   75         SH:  0    Dex: 12    Spells: 0 memorised, 3 levels left

rFire  . . .     SeeInvis +     a - +0 quarterstaff
rCold  . . .     Clarity  .     b - +1 leather armour
rNeg   . . .     SustAt   .     (no shield)
rPois  .         Gourm    .     (helmet unavailable)
rElec  .         Spirit   +     (no cloak)
rCorr  .         Warding  .     (no gloves)
rMut   .         Stasis   +     (no boots)
MR     .....                    p - amulet of guardian spirit
Stlth  +.........               (no ring)
                                (no ring)

@: mighty, lethally poisoned (0 -> -8), not resistant to hostile enchantments,
very unstealthy
A: permanent stasis, dig shafts and tunnels, four strong arms, antennae 3, claws
1, sense surroundings 1, subdued magic 1
a: Dig, Shaft Self


You were on level 3 of the Dungeon.
You were not hungry.

You visited 1 branch of the dungeon, and saw 3 of its levels.

You collected 75 gold pieces.

Inventory:

Hand Weapons
 a - a +0 quarterstaff (weapon)
Missiles
 c - 4 throwing nets (quivered)
Armour
 b - a +1 leather armour (worn)
Jewellery
 p - an amulet of guardian spirit (around neck)
Scrolls
 n - a scroll of teleportation
Potions
 o - 2 potions of might
Comestibles
 d - a bread ration
 h - a beef jerky
 i - 2 meat rations


   Skills:
 + Level 2.9 Fighting
 * Level 3.9 Staves
 - Level 1.6 Throwing
 + Level 3.1 Dodging


You had 3 spell levels left.
You didn't know any spells.

Dungeon Overview and Level Annotations

Branches:
Dungeon (3/15)

Altars:


Innate Abilities, Weirdness & Mutations

You are under a permanent stasis effect.
You can dig through walls and to a lower floor.
Your four strong arms can wield two-handed weapons with a shield.
You have a pair of large antennae on your head (SInv).
You have sharp fingernails.
You passively map a small area around you.
Your spells are a little easier to cast, but a little less powerful.


Message History

* * * LOW HITPOINT WARNING * * *
You feel sick.
Unknown command.
Put on which piece of jewellery? (? for menu, Esc to quit)
You feel your power drawn to a protective spirit.
p - an amulet of guardian spirit (around neck) Unknown command.
Drink which item? (? for menu, Esc to quit)
Okay, then.
Drink which item? (? for menu, Esc to quit)
Okay, then.
Read which item? (? for menu, Esc to quit)
As you read the scroll labeled JIRGHI VANEY, it crumbles to dust.
You feel forgetful for a moment.
It was a scroll of amnesia.
* * * LOW HITPOINT WARNING * * *
You feel sick.
Read which item? (? for menu, Esc to quit)
As you read the scroll labeled LOXEID AFFAEXO, it crumbles to dust.
You feel blessed for a moment.
It was a scroll of remove curse.
You die...

*<,,,,,,,,**,,,,,
*,*,,**.#,**,,,,,
*,*,,##.#,**,,,,,
*,*,,...#,#*,,,,,
*,*,##..#.#***,** *,,,,...#.# *,*
***,,.....####,** *********
##########$#......,,, ,,,,,,,,*
#...@.............,,* *,*,***,*
#.#####..#....##.,*,*
*,*,,,*,**###.#####..#........,,*
,,,,*,,,,,,..,...##..#....>##.,,*
,,,,,,*,****#.##.##..###..##*,,,*
,,*,***,* #........#**....,,,,*
,,,,,,,,* ####<###.....####,,,*
,*,,***** *#.#*####### *,,,*
,,,,* *...,,,* *,,,*


There were no monsters in sight!

Vanquished Creatures
  An adder (D:3)
  An ooze (D:2)
  A worm (D:2)
  3 giant geckos
  3 giant cockroaches
  2 hobgoblins
  5 jackals (D:1)
  A quokka (D:2)
  5 bats
  3 giant newts
  5 goblins
  5 kobolds
  4 rats
39 creatures vanquished.

Notes
Turn   | Place    | Note
--------------------------------------------------------------
     0 | D:1      | inmateoo the Formicid Gladiator began the quest for the Orb.
     0 | D:1      | Reached XP level 1. HP: 16/16 MP: 1/1
   123 | D:1      | Reached XP level 2. HP: 21/23 MP: 2/2
   513 | D:1      | Reached XP level 3. HP: 15/28 MP: 3/3
  1377 | D:2      | Reached XP level 4. HP: 32/34 MP: 4/4
  1519 | D:3      | Gained mutation: Your spells are a little easier to cast, but a little less powerful. [potion of mutation]
  1519 | D:3      | Gained mutation: You have sharp fingernails. [potion of mutation]
  1519 | D:3      | Gained mutation: You passively map a small area around you. [potion of mutation]
  1525 | D:3      | HP: 1/34 [poisoned by an adder]
  1528 | D:3      | Succumbed to an adder's poison

Action                   |  1- 3 |  4- 6 || total
-------------------------+-------+-------++-------
Melee: Quarterstaff      |   115 |    15 ||   130
 Abil: Dig               |     1 |       ||     1
  Use: Scroll            |       |     7 ||     7
       Potion            |       |     2 ||     2
  Eat: Chunk             |     1 |     1 ||     2
